AoeStats
← Nao do Conta de Trabaia

Arabia

507809105Analyzed
2v2 RM · 13d ago on Sep 19, 2026· 30m 32s· 4 players
Game mode
Random Map
Map size
Medium (4 player)
Population
200
Speed
Normal
Resources
Standard
Victory
Conquest
Starting age
Dark Age
Ending age
Imperial Age
RankedLock teamsTeams togetherTeam positionsShared explorationLock speedFull tech treeHidden civsTurbo modeCheats
Victory
Defeat
🇲🇽 Hindustanis · Mexico
1203
+16
🇲🇽 Italians · Mexico
1202
+16
🇺🇸 Celts · United States
1220
-17
1181
-15
Mankito77
6:48 Loom
9:50 Feudal Age
12:04 Double-Bit Axe
15:40 Fletching
24:21 Wheelbarrow
27:08 Castle Age
26:44 Wheelbarrow
25:57 Town Watch
27:46 Crossbowman
30:46 Bloodlines
Marldox
1:55 Loom
9:37 Feudal Age
11:04 Double-Bit Axe
15:38 Fletching
17:07 Gold Mining
20:17 Padded Archer Armor
20:29 Forging
24:38 Castle Age
24:50 Crossbowman
25:26 Bodkin Arrow
26:05 Scale Barding Armor
26:30 Leather Archer Armor
28:55 Thumb Ring
29:04 Bloodlines
29:44 Iron Casting
dong
4:46 Loom
10:10 Feudal Age
10:57 Double-Bit Axe
10:55 Horse Collar
10:58 Man-at-Arms
12:48 Arson
15:53 Scale Mail Armor
20:11 Stone Mining
23:47 Castle Age
22:00 Fletching
27:43 Long Swordsman
31:17 Bow Saw
Nao do Conta de Trabaia
7:32 Loom
10:02 Feudal Age
13:53 Castle Age
Connection lost

Rejoining the realm…

Still unreachable

The connection could not be restored.

Session expired

The server has moved on; the page needs a fresh start.